 Dungeon Crawl Stone Soup version 0.28.0-43-g3370ac3207 (webtiles) character file.

Game seed: 16791998487110114526

2 diana the Vexing (level 1, -3/7 HPs)
             Began as a Felid Enchanter on Mar 27, 2022.
             Slain by a kobold
             ... wielding a +0 club
              (4 damage)
             ... on level 1 of the Dungeon.
             The game lasted 00:00:45 (264 turns).

diana the Vexing (Felid Enchanter)                   Turns: 264, Time: 00:00:46

Health: -3/7       AC:  1    Str:  4    XL:     1   Next: 33%
Magic:  4/4        EV: 17    Int: 16    God:
Gold:   6          SH:  0    Dex: 16    Spells: 4/4 levels left
                                        Lives:  0   Deaths: 0

rFire   . . .      SeeInvis +     - Unarmed
rCold   . . .      Faith    .   (shield unavailable)
rNeg    . . .      Spirit   .   (armour unavailable)
rPois   .          Reflect  .   (helmet unavailable)
rElec   .          Harm     .   (cloak unavailable)
rCorr   .          Rampage  .   (gloves unavailable)
Will    .....                   (boots unavailable)
Stlth   +++.......              (no amulet)
HPRegen 0.02/turn               (no ring)
MPRegen 0.09/turn               (no ring)

@: quick
A: very small, claws 1, fangs 3, see invisible, speed 1, shaggy fur 1, stealthy
paws, no weapons or thrown items, no armour, multi-lived
a: no special abilities


You were on level 1 of the Dungeon.
You visited 1 branch of the dungeon, and saw 1 of its levels.

You collected 6 gold pieces.

Inventory:

Potions
 a - a potion of invisibility


   Skills:
 + Level 0.1 Fighting
 + Level 2.7 Dodging
 + Level 4.0 Stealth
 + Level 1.0 Unarmed Combat
 - Level 2.0 Spellcasting
 + Level 4.4 Hexes


You had 4 spell levels left.
You didn't know any spells.
Your spell library contained the following spells:

 Spells                   Type           Power      Damage    Failure   Level
 Confusing Touch          Hex            15%        N/A       10%         3
 Tukima's Dance           Hex            15%        N/A       10%         3
 Ensorcelled Hibernation  Hex/Ice        16%        N/A       13%         2
 Dazzling Flash           Conj/Hex       16%        N/A       26%         3


Dungeon Overview and Level Annotations

Branches:
Dungeon (1/15)

Altars:


Innate Abilities, Weirdness & Mutations

You have sharp claws.
You have razor-sharp teeth.
You have supernaturally acute eyesight. (SInv)
You cover ground quickly. (Speed+)
You are covered in fur. (AC +1)
Your paws help you pounce on unaware monsters.
You are incapable of wielding weapons or throwing items.
You cannot wear armour.
You gain extra lives every three experience levels.


Message History

You meow for attention!
The frilled lizard hisses angrily.
You hear a shout!
A giant cockroach comes into view.
The giant cockroach misses you.
You scratch the giant cockroach but do no damage.
A goblin comes into view. It is wielding a +0 dagger.
The giant cockroach misses you.
You scratch the giant cockroach.
The giant cockroach is moderately wounded.
The giant cockroach completely misses you.
You barely miss the giant cockroach.
The giant cockroach is moderately wounded.
A jackal comes into view.
The giant cockroach barely misses you.
The jackal barks!
You scratch the giant cockroach.
The giant cockroach is severely wounded.
You hear a shout!
The giant cockroach bites you but does no damage.
You barely miss the giant cockroach.
The giant cockroach is severely wounded.
The giant cockroach bites you.
A kobold comes into view. It is wielding a +0 club.
The jackal completely misses you.
You barely miss the giant cockroach.
The giant cockroach is severely wounded.
The giant cockroach misses you. The frilled lizard bites you.
The jackal barely misses you. The goblin closely misses you.
The giant cockroach closely misses you.
You scratch the giant cockroach.
You kill the giant cockroach!
The frilled lizard closely misses you. The jackal misses you.
The goblin hits you with a +0 dagger.
* * * LOW HITPOINT WARNING * * *
You scratch the kobold.
The kobold is severely wounded.
The jackal completely misses you. The frilled lizard bites you.
* * * LOW HITPOINT WARNING * * *
The kobold hits you with a +0 club.
Ouch! That really hurt!
You die...

#######..## ##..##
......##..###..## #
....#.###..#..## ..
#.#.#.####...### ..#
.........#...#.###....
#...................
#.###.##..####..##.#.# ♣
h..h..##..####.h##.#....
...............l@K....#
#.###.##..####.g##.#..#
# #....l......# #
........##.## .r......
.... .....# ##.### .##.#
#.# #.# #..


You could see a jackal, a goblin, a kobold and a frilled lizard.

Vanquished Creatures
  A giant cockroach (D:1)
  A jackal (D:1)
2 creatures vanquished.

Notes
Turn   | Place    | Note
-------+----------+-------------------------------------------
     0 | D:1      | diana the Felid Enchanter began the quest for the Orb.
     0 | D:1      | Reached XP level 1. HP: 7/7 MP: 4/4
   264 | D:1      | Slain by a kobold

Illustrated notes

Levels and vault maps discovered:
D:1:      dpeg_chamrin_arrival_tetris, layout_basic, serial_forest,
          infiniplex_forest_end_3, infiniplex_forest_lined_3,
          infiniplex_forest_clump_large, infiniplex_forest_straight_1,
          infiniplex_forest_lined_2, infiniplex_forest_straight_5,
          hellmonk_ecumenical_altar_crossroads

Action                   || total
-------------------------++-------
Melee: Unarmed           ||    13
       Bite              ||     2
Armor: Skin              ||     1
Dodge: Dodged            ||    15
